 Dungeon Crawl Stone Soup version 0.31.0-11-ge490571c62 (webtiles) character file.

Game seed: 5012585431657023885

188 qw the Ducker (level 5, 0/26 HPs)
             Began as a Spriggan Hunter on Feb 3, 2024.
             Incinerated by a bombardier beetle (4 damage)
             ... with a burning spray
             ... on level 3 of the Dungeon.
             The game lasted 00:00:07 (2258 turns).

qw the Ducker (Spriggan Hunter)                     Turns: 2258, Time: 00:00:08

Health: 0/26       AC:  2    Str:  7    XL:     5   Next: 39%
Magic:  6/6        EV: 23    Int: 10    God:
Gold:   122        SH:  0    Dex: 27    Spells: 4/4 levels left

rFire   . . .        a - +0 shortbow
rCold   . . .        (shield currently unavailable)
rNeg    . . .        c - +0 robe
rPois   .            (helmet restricted)
rElec   .            (no cloak)
rCorr   .            (gloves unavailable)
SInv    +            (boots unavailable)
Will    .....        (no amulet)
Stlth   +            e - +6 ring of dexterity
HPRegen 0.24/turn    (no ring)
MPRegen 0.10/turn

%: no passive effects
@: on fire, about to teleport, glowing, very quick
A: very small, no large weapons, unfitting armour, see invisible, speed 3
a: no special abilities


You were on level 3 of the Dungeon.
You visited 1 branch of the dungeon, and saw 4 of its levels.

You collected 122 gold pieces.


Innate Abilities, Weirdness & Mutations

You are very small and have problems with some larger weapons.
You are too small for most types of armour.
You have supernaturally acute eyesight. (SInv)
You cover ground extremely quickly. (Speed+++)


   Skills:
 + Level 1.7 Fighting
 - Level 5.1 Ranged Weapons
 - Level 6.0 Dodging
 - Level 1.5 Stealth


You had 4 spell levels left.
You didn't know any spells.
Your spell library was empty.

Inventory:

Hand Weapons
 a - a +0 shortbow (weapon)
Armour
 c - a +0 robe (worn)
Jewellery
 e - a +6 ring of dexterity (left hand)
Wands
 b - a wand of roots (12)
Potions
 d - a potion of might
 g - a potion of mutation {unknown}
 h - a potion of curing
 k - a potion of lignification {unknown}

Dungeon Overview and Level Annotations

Branches:
Dungeon (4/15)
 Temple: D:4-7

Altars:


Message History

The orc is heavily wounded.
The orc hits you but does no damage.
You are poisoned.
The orc completely misses you.
You shoot an arrow. The arrow hits the orc.
You kill the orc!
You feel very sick.
You start resting.
You feel sick. x7
You are no longer poisoned.
HP restored.
You climb downwards.
The bombardier beetle sprays incendiary fluid at you.
The burning spray hits you.
You are covered in liquid fire!
There is a stone staircase leading up here.
You shoot an arrow. The arrow hits the orc wizard.
The orc wizard is lightly wounded.
The liquid fire burns you!
2254 ||| STAIRDANCE The liquid fire burns you!
The orc wizard misses you.
You shake off some of the fire as you move.
You climb upwards.
The liquid fire burns you!
There is a stone staircase leading down, spattered with blood here.
You shoot an arrow. The arrow hits the orc wizard!
The orc wizard is severely wounded.
The liquid fire burns you! The orc wizard misses you.
2257 ||| READING scroll of teleportation.
As you read the scroll of teleportation, it crumbles to dust.
You feel strangely unstable. The liquid fire burns you!
The orc wizard casts a spell.
The orc wizard flickers and vanishes for a moment.
You shoot an arrow. The arrow hits the orc wizard.
You kill the orc wizard!
The liquid fire burns you!
You die...

#..#
#####..#..........##
#..# #...###....####
#..# #.#.# #...##
#..# #.#.###...#
#..# #.#.##....#
#..# #.#..#....#
#..#######.##.#....#
#..#.......##).....#
#..#.......###@....#
#..#.......#.[)[...#
#..........#.#.##..#
##.#.......#.#.....#
#.#.......#.#<###.#
#######
#.#.......#.#.#...#
#.....#
#.#.......#.#.#.###
#.###.#
#.#####.#.#.#.#.#
#.# #.# #.#
#.....#.#.# #.# #.#


There were no monsters in sight!

Vanquished Creatures
  A bombardier beetle (D:3)
  Jessica (D:3)
  Terence (D:3)
  An orc wizard (D:3)
  3 gnolls (D:3)
  2 adders (D:2)
  2 dart slugs
  3 ribbon worms
  7 orcs
  A ball python (D:2)
  An endoplasm (D:3)
  A giant cockroach (D:3)
  5 hobgoblins
  2 quokkas
  2 bats
  4 goblins
  4 kobolds
  5 rats
46 creatures vanquished.

Notes
Turn   | Place    | Note
-------+----------+-------------------------------------------
     0 | D:1      | qw the Spriggan Hunter began the quest for the Orb.
     0 | D:1      | Reached XP level 1. HP: 10/10 MP: 2/2
     0 | D:1      | 0 ||| qw: Version: 0.3-a-158-g18b3111
     0 | D:1      | 0 ||| qw: Game counter: 4274
     0 | D:1      | 0 ||| qw: Melee chars always use a shield: true
     0 | D:1      | 0 ||| qw: God list: Okawaru
     0 | D:1      | 0 ||| qw: Allow faded altars: false
     0 | D:1      | 0 ||| qw: Do Orc after clearing Dungeon:15 true
     0 | D:1      | 0 ||| qw: Do second Lair branch before Depths: true
     0 | D:1      | 0 ||| qw: Lair rune preference: random
     0 | D:1      | 0 ||| qw: Goals: Normal
     0 | D:1      | 0 ||| PLANNING D:1-11
   189 | D:1      | Reached skill level 3 in Dodging
   320 | D:1      | Found a faded altar of an unknown god.
   588 | D:1      | 588 ||| DROPPING scroll of butterflies.
   642 | D:2      | Reached skill level 4 in Dodging
   642 | D:2      | Reached XP level 2. HP: 8/14 MP: 3/3
   729 | D:2      | Reached XP level 3. HP: 7/18 MP: 4/4
  1213 | D:2      | 1213 ||| UPGRADING to +6 ring of dexterity.
  1214 | D:2      | 1214 ||| READING scroll labelled ODOIMU XUEQIS.
  1214 | D:2      | 1214 ||| IDENTIFYING cyan potion
  1215 | D:2      | 1215 ||| READING scroll labelled ECUAPR UTTAO.
  1220 | D:2      | 1220 ||| READING scroll labelled WYZONTIAHA.
  1321 | D:2      | 1321 ||| DRINKING 2 sedimented coppery potions.
  1322 | D:2      | 1322 ||| DROPPING potion of degeneration.
  1323 | D:2      | 1323 ||| DROPPING potion of brilliance.
  1355 | D:3      | Reached skill level 5 in Dodging
  1355 | D:3      | Reached XP level 4. HP: 22/22 MP: 5/5
  1427 | D:3      | Noticed Jessica
  1435 | D:3      | Killed Jessica
  1436 | D:3      | 1436 ||| FLEEEEING.
  1437 | D:3      | 1437 ||| FLEEEEING.
  1578 | D:3      | Noticed Terence
  1584 | D:3      | Killed Terence
  1585 | D:3      | Reached XP level 5. HP: 12/25 MP: 6/6
  1798 | D:3      | Reached skill level 6 in Dodging
  2151 | D:3      | 2151 ||| READING scroll of identify.
  2151 | D:3      | 2151 ||| IDENTIFYING bubbling purple potion
  2152 | D:3      | 2152 ||| READING scroll labelled KOIGYH UVVA.
  2153 | D:3      | 2153 ||| DRINKING 2 bubbling amethyst potions.
  2173 | D:4      | 2173 ||| STAIRDANCE
  2204 | D:4      | 2204 ||| STAIRDANCE
  2254 | D:4      | 2254 ||| STAIRDANCE
  2256 | D:3      | HP: 6/26 [burnt (5)]
  2257 | D:3      | 2257 ||| READING scroll of teleportation.
  2258 | D:3      | Incinerated by a bombardier beetle

Levels and vault maps discovered:
D:1:      minmay_arrival_diagonal_passages, layout_loops_ring,
          basic_ecumenical_altar, chequers_hall_statues_corner_a
D:2:      layout_basic, guppyfry_early_orc_mine
D:3:      layout_basic, uniq_jessica, uniq_terence
D:4:      layout_loops_corners, marbit_many_paths

Skill      XL: |  1  2  3  4  5 |
---------------+----------------+-----
Dodging        | 4 5 6 |  6.0
Ranged Weapons | 5 |  5.1
Fighting       | |  1.7
Stealth        | |  1.5

Action                     |  1- 3 |  4- 6 || total
---------------------------+-------+-------++-------
   Fire: Shortbow          |    82 |    67 ||   149
    Use: Scroll            |     3 |     3 ||     6
         Potion            |     1 |     1 ||     2
 Armour: Robe              |     6 |     7 ||    13
  Dodge: Dodged            |    30 |    35 ||    65

Table legend:
 A = Non-vault XP
 B = Vault XP
 C = Vault XP percentage of total XP
 D = Non-vault monster count
 E = Vault monster count
 F = Vault count percentage of total count
                 A         B        C        D         E       F
            +---------+---------+-------+---------+---------+-------
      Total |     214 |      90 |  29.6 |      37 |       9 |  19.6
            +---------+---------+-------+---------+---------+-------
        D:1 |       7 |       0 |   0.0 |       4 |       0 |   0.0
        D:2 |      50 |      17 |  25.4 |      13 |       7 |  35.0
        D:3 |     157 |      73 |  31.7 |      20 |       2 |   9.1
            +---------+---------+-------+---------+---------+-------
